Description

Dark v herO: Game 5 - [ESL] Stargazers Copy

VOD

https://www.youtube.com/watch?v=nJCMiTsNSPo

Replay - Dark v herO: Game 5 - [ESL] Stargazers

Build Order

Get SALT Encoding   

  12  0:00  Probe  
  13  0:12  Probe  
  14  0:18  Pylon  
  14  0:24  Probe (Chrono Boost)  
  15  0:37  Probe (Chrono Boost)  
  16  0:43  Gateway  
  16  0:45  Probe (Chrono Boost)  
  16  0:47  Assimilator  
  17  0:51  Probe  
  18  1:03  Probe  
  19  1:15  Probe  
  20  1:30  Cybernetics Core  
  20  1:36  Nexus  
  20  1:42  Pylon  
  20  1:45  Probe  
  21  1:52  Assimilator  
  21  1:57  Probe  
  22  2:04  Adept (Chrono Boost)  
  25  2:21  Stargate  
  26  2:27  Adept (Chrono Boost)  
  28  2:31  Pylon  
  28  2:35  Warp Gate  
  33  3:00  Adept  
  33  3:03  Oracle (Chrono Boost)  
  38  3:14  Gateway  
  38  3:19  Pylon  
  42  3:31  Oracle (Chrono Boost)  
  47  3:50  Nexus  
  47  3:54  Pylon  
  49  4:03  Oracle (Chrono Boost)  
  49  4:09  Assimilator x2  
  56  4:36  Forge  
  56  4:38  Twilight Council  
  58  4:47  Gateway x2  
  60  5:01  Gateway x2  
  60  5:04  Shield Battery  
  60  5:05  Protoss Ground Weapons Level 1 (Chrono Boost)  
  63  5:14  Blink (Chrono Boost)  
  66  5:16  Sentry x2  
  77  5:51  Nexus  
  80  6:12  Stalker x6  
  80  6:14  Photon Cannon  
  80  6:17  Shield Battery  
  89  6:23  Photon Cannon  
  90  6:29  Gateway x2  
  90  6:38  Stalker  
  89  6:47  Stalker  
  91  6:59  Protoss Ground Weapons Level 2  
  94  7:02  Gateway, Charge (Chrono Boost), Stalker x2  
  125  7:51  Gateway  
  125  8:02  Zealot x7  
  137  8:14  Templar Archives  
  141  8:32  Sentry  
  130  8:55  Zealot x3  
  151  8:57  Oracle (Chrono Boost)  
  168  9:28  Oracle (Chrono Boost)  
Spawning Tool Build Advisor. Get it on Overwolf

Go to:

Details

  • Created by: neoaer
  • Published on: Sep 16, 2022
  • Modified on: Sep 16, 2022
  • Patch: 4.11.0
  • Difficulty: Medium
Show
View Real Time Build Order
Export as new Build Order

Comments (0)

There are no comments. Be the first!

Create an account to comment!